 Dungeon Crawl Stone Soup version 0.31-a0-881-ge136f0c47a (webtiles) character file.

Game seed: 4817321816169594462

208 TheGamechu the Shooter (level 5, -7/46 HPs)
             Began as a Draconian Hunter on Oct 15, 2023.
             Was a Follower of the Shining One.
             Mangled by an ogre
             ... wielding a +0 giant club
              (31 damage)
             ... on level 3 of the Dungeon.
             The game lasted 00:06:01 (2634 turns).

TheGamechu the Shooter (Draconian Hunter)           Turns: 2634, Time: 00:06:02

Health: -7/46      AC:  5    Str: 13    XL:     5   Next: 55%
Magic:  6/6        EV: 13    Int: 10    God:    the Shining One [*.....]
Gold:   142        SH:  0    Dex: 16    Spells: 4/4 levels left

rFire   . . .        a - +1 shortbow
rCold   . . .        (shield currently unavailable)
rNeg    . . .        (body armour unavailable)
rPois   .            (helmet restricted)
rElec   .            (no cloak)
rCorr   .            (no gloves)
SInv    .            (no boots)
Will    .....        (no amulet)
Stlth   +            (no ring)
HPRegen 0.27/turn    (no ring)
MPRegen 0.10/turn

%: no passive effects
@: glowing
A: AC +5, unfitting armour, cold-blooded
a: Renounce Religion, Divine Shield


You were on level 3 of the Dungeon.
You worshipped the Shining One.
The Shining One was aware of your devotion.
You visited 1 branch of the dungeon, and saw 4 of its levels.

You collected 142 gold pieces.

Inventory:

Hand Weapons
 a - a +1 shortbow (weapon)
Missiles
 p - 3 poisoned darts
Wands
 k - a wand of light (8)
Scrolls
 b - a scroll of butterflies
 d - a scroll of enchant armour {unknown}
 g - a scroll of noise {unknown}
 j - a scroll of teleportation
 l - a scroll of amnesia {unknown}
 o - a scroll of vulnerability {unknown}
 q - 2 scrolls of silence {unknown}
 r - 2 scrolls of enchant weapon
Potions
 c - a potion of mutation {unknown}
 e - 2 potions of enlightenment
 f - a potion of might
 h - a potion of degeneration {unknown}
 i - 2 potions of cancellation
 m - a potion of berserk rage
 n - a potion of magic {unknown}


   Skills:
 + Level 3.8 Fighting
 + Level 4.4 Ranged Weapons
 + Level 3.1 Dodging
 - Level 0.8 Stealth
 + Level 2.3 Invocations


You had 4 spell levels left.
You didn't know any spells.
Your spell library contained the following spells:

 Spells                   Type           Power      Damage    Failure   Level
 Sting                    Tmut/Pois      0%         1d3       36%         1
 Ensorcelled Hibernation  Hex/Ice        0%         N/A       50%         2
 Jinxbite                 Hex            0%         N/A       50%         2
 Poisonous Vapours        Pois/Air       0%         N/A       50%         2
 Anguish                  Hex/Necr       0%         N/A       98%         4
 Olgreb's Toxic Radiance  Pois           0%         N/A       98%         4


Dungeon Overview and Level Annotations

Branches:
Dungeon (4/15)
 Temple: D:4-7

Altars:
The Shining One

Shops:
D:2 =


Innate Abilities, Weirdness & Mutations

Your plain brown scales are hard. (AC +5)
You cannot fit into any form of body armour.
You are cold-blooded and may be slowed by cold attacks.


Message History

There is a stone staircase leading down here.
Things that are here:
a +2 dagger of venom; a goblin corpse You climb downwards.
The endoplasm hits you but does no damage.
The goblin hits you but does no damage. The ogre barely misses you.
The endoplasm hits you but does no damage.
The goblin hits you but does no damage.
There is a stone staircase leading up here.
The endoplasm freezes you.
You are frozen.
You feel yourself slow down. The ogre closely misses you.
The goblin closely misses you.
You climb upwards.
There is a stone staircase leading down here.
Things that are here:
a +2 dagger of venom; a goblin corpse You shoot an arrow.
The arrow hits the goblin!
You kill the goblin!
The endoplasm freezes you.
You are frozen.
The ogre barely misses you.
The endoplasm hits you but does no damage.
You feel yourself speed up. The endoplasm misses you.
Things that are here:
a +0 dagger; a goblin corpse You shoot an arrow.
The arrow hits the ogre!
The ogre is moderately wounded.
The endoplasm hits you but does no damage.
The ogre hits you with a +0 giant club!
You shoot an arrow. The arrow hits the ogre!
The ogre is heavily wounded.
The endoplasm freezes you.
You are frozen.
The ogre hits you with a +0 giant club. The endoplasm misses you.
You shoot an arrow. The arrow hits the ogre!
The ogre is severely wounded.
The endoplasm barely misses you.
The ogre hits you with a +0 giant club!!
Ouch! That really hurt!
You die...

###..................##.#
....#.....##....###.....#
....#.###.##......#.#####
....#.# #.##...##...# ....#.#
#..#...####.######## ......#
##.#...# ##........#
....######.....###...#####.#
....# #.##.##..##..#.###...###
....###..#.#..<.@O...........#
.........#.#....J.###........#
.....##..#.#.####............#
.........#.#...#.............#
..#####..#.###.#......##.#####
.........#.#...#.......#.#
#.###....#.#.#########.#.#
#....##.##.#.# #.#.#
####.##....#.# #.#.#


You could see an ogre and an endoplasm.

Vanquished Creatures
  2 orc priests
  Terence (D:2)
  5 adders
  A worm (D:3)
  A dart slug (D:1)
  3 orcs
  5 endoplasms
  A giant cockroach (D:1)
  7 goblins
  7 hobgoblins
  A jackal (D:3)
  5 quokkas
  6 ball pythons
  7 bats
  4 frilled lizards
  9 kobolds
  6 rats
71 creatures vanquished.

Notes
Turn   | Place    | Note
-------+----------+-------------------------------------------
     0 | D:1      | TheGamechu the Draconian Hunter began the quest for the
                  | Orb.
     0 | D:1      | Reached XP level 1. HP: 17/17 MP: 1/1
    97 | D:1      | Reached XP level 2. HP: 25/25 MP: 2/2
   335 | D:1      | Found a faded altar of an unknown god.
   350 | D:1      | Prayed at the altar of an unknown god.
   350 | D:1      | Became a worshipper of the Shining One
   350 | D:1      | Reached * piety under the Shining One
   883 | D:2      | Reached XP level 3. HP: 30/30 MP: 3/3
   904 | D:2      | Reached skill level 4 in Ranged Weapons
  1202 | D:2      | Reached skill level 1 in Invocations
  1276 | D:2      | Found Panaj's Jewellery Shoppe.
  1359 | D:2      | Noticed Terence
  1374 | D:2      | Killed Terence
  1375 | D:2      | Reached XP level 4. HP: 27/38 MP: 3/5
  1743 | D:3      | Reached XP level 5. HP: 45/45 MP: 6/6
  2359 | D:3      | You fall into a shaft and drop 1 floor!
  2364 | D:4      | Noticed an ogre
  2381 | D:4      | Noticed an ogre
  2634 | D:3      | Mangled by an ogre

Illustrated notes

Levels and vault maps discovered:
D:1:      mrwooster_arrival_statue_3, layout_basic,
          shapermc_ecumenical_altar_notcrosses
D:2:      layout_loops_ring, serial_shops, shop, minmay_misc_feat_rugged,
          uniq_terence
D:3:      layout_basic, minmay_fractal_squares_5
D:4:      layout_basic, okawaru_ov_weapons_minmay, ebering_ghost_sewer_d,
          minmay_checkerbox

Skill      XL: |  1  2  3  4  5 |
---------------+----------------+-----
Dodging        | 2 3 |  3.1
Ranged Weapons | 4 |  4.4
Fighting       | 3 |  3.8
Invocations    | 1 2 |  2.3
Stealth        | |  0.8

Action                     |  1- 3 |  4- 6 || total
---------------------------+-------+-------++-------
   Fire: Shortbow          |   134 |    86 ||   220
    Use: Scroll            |     2 |     4 ||     6
 Armour: Skin              |    25 |    32 ||    57
  Dodge: Dodged            |    41 |    44 ||    85

Table legend: (Time is in decaauts)
 A = Elapsed time spent in this place.
 B = Non-inter-level travel time spent in this place.
 C = Inter-level travel time spent in this place.
 D = Time resting spent in this place.
 E = Time spent auto-exploring this place.
 F = Levels seen in this place.
 G = Mean time per level.
                   A        B        C        D        E       F      G
               +--------+--------+--------+--------+--------+-----+--------+
         Total |   2683 |   2590 |     93 |    235 |   1788 |   4 |  670.8 |
       Dungeon |   2683 |   2590 |     93 |    235 |   1788 |   4 |  670.8 |
               +--------+--------+--------+--------+--------+-----+--------+

Top non-repeatable levels by time:
     D:2: 845 daAuts
     D:3: 813 daAuts
     D:1: 806 daAuts
     D:4: 217 daAuts
